AoeStats
← eugene

Yucatan

510848873Analyzed
4v4 RM · 17h ago on Oct 2, 2026· 75m 22s· 8 players
Game mode
Random Map
Map size
Large (8 player)
Population
200
Speed
Normal
Resources
Standard
Victory
Conquest
Starting age
Dark Age
Ending age
Imperial Age
RankedLock teamsTeams togetherTeam positionsShared explorationLock speedFull tech treeHidden civsTurbo modeCheats
Victory
Defeat
🇬🇧 Varangians · United Kingdom
1166
+12
🇬🇧 Ethiopians · United Kingdom
1161
+12
🇬🇧 Bohemians · United Kingdom
1113
+14
🇩🇪 Vietnamese · Germany
1071
+16
🇬🇪 Italians · Georgia
1132
-16
🇨🇾 Mongols · Cyprus
1113
-15
🇺🇦 Japanese · Ukraine
1038
-12
🇩🇪 Slavs · Germany
1018
-11
LeightonDunk11
6:48 Loom
10:15 Feudal Age
12:40 Double-Bit Axe
17:03 Castle Age
15:42 Horse Collar
16:41 Fletching
18:18 Wheelbarrow
17:55 Padded Archer Armor
17:44 Crossbowman
19:10 Bodkin Arrow
20:24 Padded Archer Armor
25:31 Leather Archer Armor
27:52 Ballistics
31:55 Bow Saw
32:12 Town Watch
33:08 Thumb Ring
33:22 Gold Mining
37:20 Imperial Age
36:16 Forging
36:07 Scale Mail Armor
37:29 Squires
38:07 Iron Casting
37:57 Hand Cart
37:24 Arbalester
38:17 Bracer
39:19 Ring Archer Armor
40:10 Chemistry
40:54 Siege Engineers
44:56 Blast Furnace
46:37 Chain Mail Armor
47:26 Conscription
48:16 Elite Shotel Warrior
50:22 Plate Mail Armor
49:45 Arson
50:14 Town Patrol
54:09 Murder Holes
54:30 Royal Heirs
55:52 Torsion Engines
67:08 Gold Shaft Mining
66:24 Stone Mining
74:02 Spies/Treason
iGSOjDaJuiceMan
3:20 Loom
10:25 Feudal Age
12:13 Bloodlines
18:25 Castle Age
16:54 Double-Bit Axe
16:54 Horse Collar
30:37 Scale Barding Armor
30:43 Forging
32:49 Fletching
32:59 Padded Archer Armor
33:25 Bow Saw
33:47 Elite Skirmisher
39:43 Imperial Age
37:50 Wheelbarrow
38:07 Chain Barding Armor
39:18 Bodkin Arrow
40:01 Iron Casting
43:03 Blast Furnace
44:14 Plate Barding Armor
43:55 Bracer
45:01 Elite Jarl
48:28 Leather Archer Armor
48:49 Imperial Skirmisher
50:18 Ring Archer Armor
53:22 Two-Man Saw
52:41 Hand Cart
64:33 Siege Engineers
65:28 Chemistry
65:56 Light Cavalry
66:37 Husbandry
71:35 Conscription
72:44 Murder Holes
Clandestine
4:20 Loom
11:54 Feudal Age
16:32 Double-Bit Axe
20:22 Castle Age
21:43 Bow Saw
25:15 Horse Collar
29:07 Imperial Age
30:30 Fortified Wall
32:48 Conscription
34:41 Two-Man Saw
35:05 Chemistry
48:30 Elite Hussite Wagon
49:21 Wagenburg Tactics
48:40 Elite Hussite Wagon
50:45 Padded Archer Armor
53:47 Hussite Reforms
54:01 Squires
55:27 Pikeman
57:11 Arson
57:28 Scale Mail Armor
57:38 Forging
57:01 Houfnice
58:09 Halberdier
60:26 Arson
61:40 Wheelbarrow
65:32 Hand Cart
65:41 Town Watch
66:26 Heavy Plow
67:33 Iron Casting
68:00 Chain Mail Armor
67:56 Man-at-Arms
69:38 Blast Furnace
69:12 Long Swordsman
69:59 Two-Handed Swordsman
72:01 Plate Mail Armor
71:54 Champion
wildknife_77
10:32 Loom
12:24 Feudal Age
17:46 Castle Age
16:44 Gold Mining
16:44 Stone Mining
16:46 Double-Bit Axe
20:10 Fletching
20:32 Forging
20:34 Horse Collar
29:56 Wheelbarrow
31:30 Heavy Plow
31:43 Bow Saw
31:25 Town Watch
32:31 Hand Cart
32:41 Fortified Wall
32:12 Treadmill Crane
32:42 Masonry
32:53 Ballistics
32:29 Murder Holes
33:14 Bloodlines
33:05 Husbandry
36:30 Imperial Age
34:58 Iron Casting
34:28 Scale Barding Armor
34:25 Padded Archer Armor
35:11 Husbandry
35:28 Town Patrol
36:06 Elite Skirmisher
36:48 Bodkin Arrow
36:33 Elite Battle Elephant
38:24 Chemistry
36:51 Imperial Skirmisher
39:05 Chatras
39:58 Bracer
40:13 Leather Archer Armor
40:18 Chain Barding Armor
42:11 Two-Man Saw
41:44 Crop Rotation
41:51 Stone Shaft Mining
42:14 Caravan
44:36 Paper Money
44:51 Hoardings
46:47 Ring Archer Armor
47:14 Plate Barding Armor
46:19 Sappers
46:52 Elite Fire Lancer
47:33 Squires
47:19 Arson
50:56 Scale Mail Armor
52:02 Chain Mail Armor
53:34 Bombard Tower
53:00 Arrowslits
53:21 Siege Engineers
54:16 Plate Mail Armor
59:31 Cavalier
59:32 Light Cavalry
66:36 Guard Tower
73:37 Spies/Treason
75:01 Cavalier
75:06 Man-at-Arms
75:07 Pikeman
75:16 Elite Rattan Archer
76:10 Careening
76:10 Clinker Construction
75:52 Heated Shot
veinbound
3:11 Loom
10:52 Feudal Age
10:59 Man-at-Arms
12:21 Gold Mining
13:47 Arson
15:42 Scale Mail Armor
17:37 Forging
21:22 Stone Mining
23:02 Padded Archer Armor
26:13 Fletching
30:51 Castle Age
30:23 Horse Collar
31:58 Double-Bit Axe
37:28 Wheelbarrow
37:33 Fortified Wall
37:45 Ballistics
38:54 Heavy Plow
40:13 Gold Shaft Mining
40:02 Hand Cart
40:27 Chain Mail Armor
39:56 Elite Skirmisher
43:23 Bodkin Arrow
43:44 Leather Archer Armor
43:35 Scale Barding Armor
48:14 Imperial Age
46:55 Bloodlines
48:35 Bow Saw
48:50 Chain Barding Armor
50:44 Ring Archer Armor
50:18 Bracer
49:46 Cavalier
51:44 Iron Casting
51:45 Conscription
57:02 Blast Furnace
56:34 Plate Mail Armor
59:54 Chemistry
Subutai ,,the Valiant"
11:08 Feudal Age
9:24 Loom
12:09 Horse Collar
12:15 Double-Bit Axe
15:23 Castle Age
14:27 Wheelbarrow
14:35 Fletching
16:26 Bow Saw
22:41 Heavy Plow
22:42 Gold Mining
23:11 Bodkin Arrow
23:53 Padded Archer Armor
24:12 Bloodlines
25:57 Leather Archer Armor
26:13 Husbandry
27:47 Thumb Ring
28:16 Ballistics
29:51 Scale Barding Armor
31:13 Hand Cart
31:56 Masonry
34:27 Imperial Age
33:05 Gold Shaft Mining
32:36 Stone Mining
34:02 Town Watch
34:41 Chain Barding Armor
34:07 Light Cavalry
35:02 Forging
34:59 Hussar
36:29 Bracer
36:28 Elite Mangudai
38:01 Iron Casting
37:51 Conscription
39:01 Parthian Tactics
39:53 Chemistry
64:28 Hoardings
eugene
11:59 Feudal Age
13:06 Loom
15:38 Castle Age
13:24 Loom
13:31 Double-Bit Axe
17:00 Bow Saw
16:34 Horse Collar
22:03 Stone Mining
23:14 Gold Mining
25:03 Stone Shaft Mining
25:11 Wheelbarrow
24:43 Fletching
25:59 Bodkin Arrow
26:29 Hand Cart
26:50 Padded Archer Armor
30:14 Imperial Age
28:32 Ballistics
30:03 Town Watch
31:58 Chemistry
31:11 Masonry
30:42 Treadmill Crane
31:14 Bracer
31:30 Leather Archer Armor
31:44 Conscription
31:56 Elite Genoese Crossbowman
32:26 Elite Genoese Crossbowman
35:12 Town Patrol
44:30 Scale Barding Armor
44:36 Forging
44:56 Ring Archer Armor
45:15 Bloodlines
45:05 Husbandry
44:25 Cavalier
47:11 Chain Barding Armor
47:27 Iron Casting
48:51 Hoardings
53:12 Plate Barding Armor
53:38 Blast Furnace
64:39 Thumb Ring
65:31 Architecture
68:12 Two-Man Saw
lazar_kvazar
7:19 Loom
10:44 Feudal Age
12:08 Man-at-Arms
17:28 Scale Mail Armor
17:56 Forging
27:36 Castle Age
27:37 Scale Barding Armor
29:26 Wheelbarrow
29:41 Double-Bit Axe
31:35 Padded Archer Armor
32:13 Fletching
32:06 Long Swordsman
34:24 Chain Barding Armor
34:20 Chain Mail Armor
36:00 Bodkin Arrow
37:43 Iron Casting
37:24 Leather Archer Armor
38:51 Detinets
45:20 Imperial Age
43:09 Hand Cart
42:40 Town Watch
45:25 Elite Boyar
46:54 Plate Barding Armor
46:50 Conscription
49:17 Blast Furnace
62:55 Druzhina
63:28 Plate Mail Armor
63:22 Two-Handed Swordsman
65:03 Gold Mining
65:34 Champion
66:15 Squires
66:51 Elite Skirmisher
Connection lost

Rejoining the realm…

Still unreachable

The connection could not be restored.

Session expired

The server has moved on; the page needs a fresh start.